 Dungeon Crawl Stone Soup version 0.30-a0-696-g2367cd04db (webtiles) character file.

Game seed: 7862403423594867209

136670 wormed the Geomancer (level 16, -6/122 HPs)
             Began as a Demonspawn Summoner on Jan 20, 2023.
             Was the Champion of Vehumet.
             Mangled by a salamander
             ... wielding a +3 spear
              (21 damage)
             ... on level 3 of the Snake Pit.
             The game lasted 01:16:01 (29138 turns).

wormed the Geomancer (Demonspawn Summoner)         Turns: 29138, Time: 01:16:02

Health: -6/122     AC:  8    Str: 10    XL:     16   Next: 67%
Magic:  19/30      EV: 17    Int: 28    God:    Vehumet [******]
Gold:   334        SH:  6    Dex: 18    Spells: 2/35 levels left

rFire   . . .      SeeInvis +    Y - staff of conjuration
rCold   + . .      Faith    .    y - +0 buckler
rNeg    . . .      Spirit   .    V - +1 troll leather armour
rPois   +          Reflect  .    (helmet unavailable)
rElec   +          Harm     .    p - +0 cloak
rCorr   .          Rampage  .    i - +0 pair of gloves
Will    +....                    c - +0 pair of boots
Stlth   +                        w - amulet of magic regeneration
HPRegen 1.20/turn                U - ring "Lelafur" {rPois rC+ Dex+4 SInv}
MPRegen 0.62/turn                R - ring of Idibaira {Wiz rElec Int+5}

@: forested, very slow
A: hooves 1, horns 3, spiny 3, weakness stinger 2
a: Renounce Religion


You were on level 3 of the Snake Pit.
You worshipped Vehumet.
Vehumet was exalted by your worship.
You visited 5 branches of the dungeon, and saw 26 of its levels.

You collected 2190 gold pieces.
You spent 1856 gold pieces at shops.

Inventory:

Hand Weapons
 O - the +5 rapier "Leivaott" {venom, rC++ MP+9 SInv}
   (You found it on level 2 of the Lair of Beasts)

   rC:        It greatly protects you from cold.
   MP:        It affects your magic capacity (+9).
   SInv:      It lets you see invisible.
Missiles
 C - 4 throwing nets
Armour
 c - a +0 pair of boots (worn)
 i - a +0 pair of gloves (worn)
 l - an orb of energy
 p - a +0 cloak (worn)
 y - a +0 buckler (worn)
 V - a +1 troll leather armour (worn)
Magical Staves
 h - a staff of cold
 Y - a staff of conjuration (weapon)
Jewellery
 e - a +6 ring of intelligence
 n - a ring of positive energy
 s - a +4 ring of protection
 w - an amulet of magic regeneration (around neck)
 L - a ring of see invisible
 R - the ring of Idibaira (right hand) {Wiz rElec Int+5}
   (You bought it in a shop on level 7 of the Dungeon)

   [ring of wizardry]

   It improves your spell success rate.
   Int:       It affects your intelligence (+5).
   rElec:     It insulates you from electricity.
 U - the ring "Lelafur" (left hand) {rPois rC+ Dex+4 SInv}
   (You bought it in a shop on level 2 of the Orcish Mines)

   [ring of poison resistance]

   Dex:       It affects your dexterity (+4).
   rC:        It protects you from cold.
   rPois:     It protects you from poison.
   SInv:      It lets you see invisible.
 W - the ring of the Genius {rF+ rN+ Will+ Str+2}
   (You bought it in a shop on level 2 of the Orcish Mines)

   [ring of willpower]

   Str:       It affects your strength (+2).
   rF:        It protects you from fire.
   rN:        It protects you from negative energy.
   Will:      It increases your willpower.
Wands
 r - a wand of acid (23)
 z - a wand of polymorph (24) (quivered)
 E - a wand of flame (20)
 F - a wand of paralysis (3)
 H - a wand of roots (15)
 N - a wand of digging (5)
Scrolls
 f - 3 scrolls of fear
 g - 8 scrolls of teleportation
 m - 2 scrolls of butterflies
 o - a scroll of silence
 t - 3 scrolls of torment
 u - 4 scrolls of enchant weapon
 v - 4 scrolls of fog
 x - 7 scrolls of vulnerability
 G - a scroll of poison
 K - 3 scrolls of magic mapping
 Q - 3 scrolls of enchant armour
 S - a scroll of amnesia
 T - 5 scrolls of identify
Potions
 a - 3 potions of attraction
 b - 2 potions of mutation
 d - 5 potions of ambrosia
 j - 8 potions of curing
 k - a potion of lignification
 q - 4 potions of brilliance
 A - 4 potions of might
 B - a potion of cancellation
 D - 3 potions of haste
 I - 3 potions of heal wounds
 J - a potion of invisibility
 P - a potion of resistance
 X - a potion of berserk rage
 Z - a potion of magic


   Skills:
 - Level 10.0 Fighting
 - Level 10.0 Dodging
 - Level 1.7 Stealth
 - Level 5.0 Shields
 - Level 10.0 Spellcasting
 - Level 10.0 Conjurations
 - Level 10.0 Hexes
 - Level 10.0 Summonings
 - Level 10.0 Necromancy
 - Level 10.0 Translocations
 - Level 5.1 Air Magic
 * Level 10.5 Earth Magic


You had 2 spell levels left.
You knew the following spells:

 Your Spells              Type           Power      Damage    Failure   Level
a - Borgnjor's Vile Clut  Necr/Erth      32%        N/A       1%          5
b - Stone Arrow           Conj/Erth      100%       3d13      1%          3
c - Lee's Rapid Deconstr  Erth           32%        3d17*     1%          5
f - Summon Forest         Summ/Tloc      31%        N/A       1%          5
g - Summon Guardian Gole  Hex/Summ       63%        N/A       1%          3
s - Summon Lightning Spi  Summ/Air       54%        N/A       1%          4
v - Summon Mana Viper     Hex/Summ       63%        N/A       1%          5
w - Call Canine Familiar  Summ           63%        N/A       1%          3

Your spell library contained the following spells:

 Spells                   Type           Power      Damage    Failure   Level
 Fireball                 Conj/Fire      29%        3d13      3%          5
 Apportation              Tloc           100%       N/A       1%          1
 Necrotise                Necr           100%       1d9       1%          1
 Slow                     Hex            100%       N/A       1%          1
 Summon Small Mammal      Summ           100%       N/A       1%          1
 Call Imp                 Summ           63%        N/A       1%          2
 Lesser Beckoning         Tloc           100%       N/A       1%          2
 Poisonous Vapours        Pois/Air       56%        N/A       1%          2
 Beastly Appendage        Tmut           28%        N/A       2%          1
 Sting                    Tmut/Pois      56%        1d5       2%          1
 Wereblood                Tmut           14%        N/A       4%          2
 Confusing Touch          Hex            63%        N/A       1%          3
 Gell's Gravitas          Tloc           63%        N/A       1%          3
 Inner Flame              Hex/Fire       42%        N/A       1%          3
 Portal Projectile        Hex/Tloc       100%       N/A       1%          3
 Teleport Other           Tloc           63%        N/A       1%          3
 Tukima's Dance           Hex            63%        N/A       1%          3
 Vampiric Draining        Necr           63%        2d10      1%          3
 Flame Wave               Conj/Fire      58%        2d14      1%          4
 Leda's Liquefaction      Hex/Erth       32%        N/A       1%          4
 Passage of Golubria      Tloc           63%        N/A       1%          4
 Sticky Flame             Conj/Fire      58%        2d7       1%          4
 Petrify                  Tmut/Erth      43%        N/A       3%          4
 Summon Ice Beast         Ice/Summ       42%        N/A       3%          4
 Silence                  Hex/Air        27%        N/A       3%          5
 Summon Cactus Giant      Summ           31%        N/A       7%          6
 Olgreb's Toxic Radiance  Pois           14%        N/A       8%          4
 Ozocubu's Armour         Ice            14%        N/A       9%          3
 Spider Form              Tmut/Pois      14%        N/A       9%          3
 Metabolic Englaciation   Hex/Ice        21%        N/A       10%         5
 Statue Form              Tmut/Erth      28%        N/A       43%         6
 Simulacrum               Ice/Necr       21%        N/A       45%         6
 Lehudib's Crystal Spear  Conj/Erth      41%        10d10     50%         8
 Blade Hands              Tmut           7%         N/A       56%         5


Dungeon Overview and Level Annotations

Branches:
Dungeon (15/15) Temple (1/1) D:7 Lair (5/5) D:10 Shoals (0/4) Lair:2 Snake (3/4) Lair:3 Slime (0/5) Lair:5 Orc (2/2) D:9 Elf (0/3) Orc:2 Vaults (0/5) D:12 D:13 Depths (0/4) D:15

Altars:
Ashenzari
Cheibriados
Dithmenos
Fedhas
Gozag
Hepliaklqana
Kikubaaqudgha
Makhleb
Nemelex Xobeh
Okawaru
Qazlal
Ru
Sif Muna
Trog
Uskayaw
Vehumet
Wu Jian
Xom
Yredelemnul
Jiyva

Shops:
D:2 ?   D:3 !   D:7 [=   D:8 :   D:9 !   D:14 :   D:15 !   Orc:2 =(*[
Snake:2 *   Snake:3 :!?

Portals:
Trove: D:13 (give +7 demon trident)

Annotations:
D:13 2 transporters, testman's ghost, journeyman DsVM; voltaire321's ghost, journeyman KoBr


Innate Abilities, Weirdness & Mutations

You have large cloven feet.
You have a pair of large horns on your head.
You are completely covered in sharp spines.
You have a tail ending in a sharp stinger.


Message History

Your dryad draws upon the vitality of nature.
Your dryad is healed somewhat.
The guardian serpent is waved at by a branch.
Your mana viper disappears in a puff of smoke!
Your warg closely misses the guardian serpent.
The guardian serpent casts a spell at you.
The salamander blinks!
You enter the shallow water.
Moving in this stuff is going to be slow.
The guardian serpent is hit by a branch!
The salamander barely misses you.
The guardian serpent closely misses your dryad.
Your warg barely misses the guardian serpent.
Your dryad misses the guardian serpent.
The salamander hits you with a +3 spear!
You are engulfed in flames!
You block the naga's attack.
The naga warrior roars a battlecry!
The salamanders go into a battle-frenzy!
The trees move their gnarly branches around.
The guardian serpent is hit by a branch.
A root smacks the guardian serpent from below!
The guardian serpent dies!
Vehumet accepts your kill.
The salamander hits you from afar with a +2 halberd of protection.
You are engulfed in flames!
Your dryad calls out to the forest.
Vines fly forth from the trees!
The salamander hits you from afar with a +3 spear!
You are engulfed in flames!
Your warg bites the salamander!
You block the naga warrior's attack.
The salamander hits you from afar with a +2 halberd of protection!!
* * * LOW HITPOINT WARNING * * *
You are engulfed in flames!
* * * LOW HITPOINT WARNING * * *
Your lightning spire shoots out a bolt of lightning at the salamander!
The bolt of electricity hits the salamander! x2
The bolt of electricity hits your lightning spire.
Your lightning spire completely resists.
The salamander hits you from afar with a +3 spear!!
You die...

#....§.....
#......?...
##....w♣....
#...........
♣w...).....
##..Rh.....
♣♣♣#♣♣.NNN)♣###
~~~~~~~~8N†...♣♣
≈~P~~~~~@~~....♣
≈≈P~~~P~~.≈~~.♣#
≈≈≈~~P~~~≈≈~~.+# .
≈≈≈~P~~~~≈~~~.+ ..
≈≈≈≈~P~.~..+#♣♣...
≈≈≈≈~~~..........#
≈≈~P~~~~.........+
≈≈~~~~~~........#
~~~~P~P.†.......#


You could see a naga warrior, 2 salamanders, a naga (strong), a friendly dryad
(summoned), a friendly warg (summoned), 2 friendly snaplasher vines and a
friendly lightning spire (summoned).

Vanquished Creatures
  Rupert (D:15)
  Roxanne (D:15)
  An orc warlord (Orc:1)
  The ghost of Strat the Warrior, a journeyman TeRe of Gozag (D:15)
  A salamander tyrant (Snake:3)
  A hydra (D:13)
  2 centaur warriors
  2 two-headed ogres
  5 naga warriors
  2 death yaks (Lair:5)
  2 orc high priests (Orc:2)
  3 naga sharpshooters
  3 shock serpents
  2 salamander mystics
  A sea snake (Snake:3)
  A lindwurm (Lair:5)
  A harpy (shapeshifter) (D:15)
  5 ugly things (D:15)
  3 mana vipers
  3 orc knights
  A wolf spider (Lair:5)
  3 orc sorcerers
  4 manticores
  13 black mambas
  4 salamanders
  A cyclops (D:15)
  4 naga magi
  A guardian serpent (Snake:3)
  A black mamba (shapeshifter) (D:15)
  3 elephants
  2 cane toads
  An unseen horror (D:11)
  2 tengu conjurers
  A freezing wraith (D:15)
  A komodo dragon (Lair:5)
  4 meliai
  A troll (D:12)
  A polar bear (Lair:5)
  3 slime creatures
  A wraith (D:13)
  A wyvern (Lair:5)
  4 yaks
  10 humans
  Menkaure (D:7)
  3 wargs
  3 vampire mosquitoes
  13 nagas
  4 water moccasins
  An ice beast (D:6)
  10 orc warriors
  5 wolves
  4 ogres
  5 centaurs
  2 kobold brigands
  3 bullfrogs
  A gnoll sergeant (D:12)
  4 scorpions (D:6)
  A necrophage (D:6)
  A wight (D:6)
  14 killer bees
  4 hounds
  5 orc priests
  An iguana (D:7)
  5 orc wizards
  3 gnolls
  3 shadow imps (D:4)
  2 white imps
  An ufetubus (D:7)
  17 orcs
  2 bats (D:2)
  An endoplasm (D:4)
  2 hobgoblins (D:3)
  A kobold (D:8)
230 creatures vanquished.

Vanquished Creatures (collateral kills)
  Gastronok (Lair:1)
  A nagaraja (Snake:1)
  A fire giant (D:15)
  The ghost of Hiweh the Destroyer, a journeyman DgCj (D:15)
  2 orc warlords
  Nessos (D:13)
  A dire elephant (Lair:5)
  An ogre mage (D:15)
  Fannar (Lair:3)
  A catoblepas (Lair:5)
  A boulder beetle (D:15)
  2 centaur warriors
  2 death knights
  3 hydras
  An anaconda (Snake:2)
  7 two-headed ogres
  The ghost of Dittersdorf the Fighter, a journeyman GrFi of Okawaru (D:9)
  6 death yaks
  2 naga warriors
  A tengu warrior (D:15)
  3 orc high priests (Orc:2)
  Sonja (Orc:1)
  A shock serpent (Snake:1)
  Amaemon (D:10)
  4 skeletal warriors (D:14)
  A salamander mystic (Snake:2)
  2 sea snakes (Snake:3)
  A naga ritualist (Snake:2)
  6 orc knights
  A phantasmal warrior (D:15)
  3 deep elf pyromancers
  2 wolf spiders (Lair:5)
  3 mana vipers
  3 salamanders (Snake:2)
  3 orc sorcerers
  21 elephants
  3 manticores
  A cyclops (D:15)
  7 naga magi
  6 black mambas
  2 torpor snails (Lair:5)
  A gargoyle (D:12)
  3 guardian serpents
  An orange demon (D:10)
  7 cane toads
  An unseen horror (D:12)
  A tengu conjurer (D:15)
  5 rime drakes
  11 komodo dragons
  A kobold demonologist (D:11)
  2 efreet
  3 polar bears
  2 trolls
  5 meliai (D:14)
  A merfolk (Lair:2)
  7 blink frogs (Lair:3)
  9 slime creatures
  A centaur simulacrum (D:15)
  2 shadows
  A wyvern (Lair:2)
  21 yaks
  5 wraiths
  4 basilisks
  Grum (D:8)
  6 humans
  A warg (Orc:2)
  6 vampire mosquitoes
  15 nagas
  13 water moccasins
  2 acid dragons
  17 orc warriors
  A black bear (Lair:3)
  A sky beast (D:8)
  2 ogres
  16 wolves
  4 boggarts (D:15)
  2 centaurs (D:15)
  5 kobold brigands
  6 bullfrogs
  A scorpion (D:7)
  2 wights (D:6)
  20 killer bees
  2 hounds
  3 jellies
  11 orc priests
  A gnoll bouda (D:7)
  2 iguanas
  16 orc wizards
  4 gnolls
  2 adders
  A shadow imp (D:6)
  A white imp (D:8)
  5 worms
  3 dart slugs
  56 orcs
  2 ball pythons
  6 bats
  5 endoplasms
  3 giant cockroaches
  14 goblins
  11 hobgoblins
  13 jackals
  8 quokkas
  4 frilled lizards
  29 kobolds
  7 rats
  2 bushes
  A snaplasher vine (D:15)
539 creatures vanquished.

Vanquished Creatures (others)
  Erolcha (Orc:2)
  Harold (D:10)
  A two-headed ogre (D:10)
  3 death yaks (D:10)
  An orc knight (Orc:1)
  A cane toad (Lair:1)
  Maggie (D:6)
  4 yaks (D:9)
  A naga (Snake:1)
  A water moccasin (D:8)
  A centaur (D:9)
  5 wolves (Lair:1)
  A necrophage (D:6)
  4 wights
  Crazy Yiuf (D:3)
  Robin (D:3)
  3 gnolls (D:4)
  2 orcs
  A rat (D:3)
  45 fungi
  66 plants
  18 snaplasher vines
163 creatures vanquished.

Grand Total: 932 creatures vanquished

Notes
Turn   | Place    | Note
-------+----------+-------------------------------------------
     0 | D:1      | wormed the Demonspawn Summoner began the quest for the Orb.
     0 | D:1      | Reached XP level 1. HP: 13/13 MP: 3/3
   162 | D:1      | Discovered your monstrous ancestry.
   162 | D:1      | Gained mutation: You have a pair of small horns on your
                  | head. [demonic ancestry]
   162 | D:1      | Reached XP level 2. HP: 19/19 MP: 3/5
   378 | D:1      | Reached skill level 1 in Hexes
   956 | D:1      | Gained mutation: You have a pair of horns on your head.
                  | [demonic ancestry]
   956 | D:1      | Reached XP level 3. HP: 24/24 MP: 4/6
  1058 | D:1      | Found a faded altar of an unknown god.
  1368 | D:1      | Learned a level 3 spell: Call Canine Familiar
  1481 | D:2      | Found Heabbana's Magic Scroll Shoppe.
  1484 | D:2      | Bought a scroll of identify for 20 gold pieces
  2040 | D:2      | Learned a level 3 spell: Summon Guardian Golem
  2191 | D:2      | Reached XP level 4. HP: 30/30 MP: 8/8
  2419 | D:3      | HP: 1/30 [orc/+0 trident (6)]
  2556 | D:3      | Found a basalt altar of Yredelemnul.
  2853 | D:3      | Gained mutation: You are partially covered in sharp spines.
                  | [demonic ancestry]
  2853 | D:3      | Reached XP level 5. HP: 35/35 MP: 0/9
  2922 | D:3      | Identified the +2 helmet of the Endless Expanse {Str+4
                  | Stlth+}
  2922 | D:3      | Noticed Robin
  2960 | D:3      | Killed Robin
  2961 | D:3      | Reached skill level 5 in Summonings
  3200 | D:3      | Found Odimex's Distillery.
  3311 | D:3      | Found a runed translucent door.
  3312 | D:3      | Noticed Crazy Yiuf
  3411 | D:3      | Found a radiant altar of Vehumet.
  3609 | D:3      | Killed Crazy Yiuf
  3829 | D:4      | Found a transporter.
  4124 | D:4      | Gained mutation: You are mostly covered in sharp spines.
                  | [demonic ancestry]
  4124 | D:4      | Reached XP level 6. HP: 32/41 MP: 8/11
  4342 | D:4      | Found a blossoming altar of Fedhas.
  4420 | D:4      | Learned a level 4 spell: Summon Lightning Spire
  4695 | D:4      | Found a transporter.
  4859 | D:5      | Entered Level 5 of the Dungeon
  4906 | D:5      | Found a shimmering blue altar of Sif Muna.
  5596 | D:5      | Reached skill level 1 in Air Magic
  5978 | D:6      | Gained mutation: You have a small tail. [demonic ancestry]
  5978 | D:6      | Reached XP level 7. HP: 46/46 MP: 13/13
  6259 | D:6      | Reached skill level 5 in Spellcasting
  6263 | D:6      | Gained mutation: You are completely covered in sharp
                  | spines. [demonic ancestry]
  6263 | D:6      | Reached XP level 8. HP: 45/52 MP: 15/15
  6824 | D:6      | Noticed Maggie
  6841 | D:6      | Killed Maggie
  7357 | D:7      | Found a hazy altar of Hepliaklqana.
  7386 | D:7      | Found Menuny's Antique Armour Shoppe.
  7398 | D:7      | Noticed Menkaure
  7408 | D:7      | Killed Menkaure
  7538 | D:7      | Reached XP level 9. HP: 57/57 MP: 12/18
  7592 | D:7      | Reached skill level 5 in Air Magic
  7592 | D:7      | Found Deema's Jewellery Shoppe.
  7763 | D:7      | Found a staircase to the Ecumenical Temple.
  8145 | D:7      | Identified a scroll of acquirement
  8145 | D:7      | Acquired a book of the Wilderness
  8197 | D:7      | Learned a level 5 spell: Summon Mana Viper
  8203 | D:7      | Learned a level 5 spell: Summon Forest
  8266 | D:8      | Noticed Grum
  8283 | D:8      | Killed Grum
  8504 | D:8      | Reached skill level 5 in Hexes
  8855 | D:8      | Found Makuitz's Book Emporium.
  9135 | D:8      | Found an ornate altar of the Wu Jian Council.
  9204 | Temple   | Entered the Ecumenical Temple
  9551 | D:3      | Became a worshipper of Vehumet
  9710 | D:9      | Found Eplo's Distillery.
  9728 | D:9      | Reached XP level 10. HP: 63/63 MP: 15/21
  9852 | D:9      | Reached * piety under Vehumet
  9852 | D:9      | Offered knowledge of Freeze by Vehumet.
  9861 | D:9      | Found a staircase to the Orcish Mines.
 10073 | D:9      | Found a sacrificial altar of Ru.
 10111 | D:9      | Found a runed translucent gate.
 10112 | D:9      | Found a runed translucent gate.
 10114 | D:9      | Found a runed translucent gate.
 10116 | D:9      | Noticed Dittersdorf's ghost (journeyman GrFi)
 10738 | D:10     | Entered Level 10 of the Dungeon
 10778 | D:10     | Noticed a two-headed ogre
 10785 | D:10     | Killed a two-headed ogre
 10786 | D:10     | Reached skill level 10 in Summonings
 10936 | D:10     | Found a staircase to the Lair.
 10936 | D:10     | Noticed a death yak
 10937 | D:10     | Noticed a death yak
 10937 | D:10     | Noticed a death yak
 10944 | D:10     | Noticed a death yak
 10944 | D:10     | Noticed a death yak
 10956 | D:10     | Killed a death yak
 10964 | D:10     | Killed a death yak
 10970 | D:10     | Killed a death yak
 11055 | D:10     | Noticed a two-headed ogre
 11062 | D:10     | Killed a two-headed ogre
 11063 | D:10     | Reached XP level 11. HP: 68/68 MP: 19/24
 11065 | D:10     | Noticed Amaemon
 11078 | D:10     | Killed Amaemon
 11146 | D:10     | Killed a death yak
 11147 | D:10     | Reached skill level 10 in Spellcasting
 11148 | D:10     | Killed a death yak
 11210 | D:10     | Noticed Harold
 11225 | D:10     | Killed Harold
 11225 | D:10     | Offered knowledge of Momentum Strike by Vehumet.
 11226 | D:10     | Reached skill level 10 in Hexes
 11226 | D:10     | Reached skill level 1 in Translocations
 11783 | D:10     | Noticed a two-headed ogre
 11801 | D:10     | Killed a two-headed ogre
 11878 | Lair:1   | Entered Level 1 of the Lair of Beasts
 11912 | Lair:1   | Reached ** piety under Vehumet
 11930 | Lair:1   | Noticed Gastronok
 11952 | Lair:1   | Killed Gastronok
 12706 | Lair:2   | Reached XP level 12. HP: 47/74 MP: 11/26
 12816 | Lair:2   | Identified the +4 hand axe "Veg Agh" {flame, Fly rPois rF-
                  | SInv}
 13312 | Lair:2   | Identified the +5 rapier "Leivaott" {venom, rC++ MP+9 SInv}
 13504 | Lair:2   | Offered knowledge of Frozen Ramparts by Vehumet.
 13842 | Lair:2   | Found a staircase to the Shoals.
 14011 | Lair:3   | Noticed Fannar
 14021 | Lair:3   | Killed Fannar
 14080 | Lair:3   | Reached *** piety under Vehumet
 14082 | Lair:3   | Reached skill level 10 in Translocations
 14082 | Lair:3   | Reached skill level 1 in Fighting
 14396 | Lair:3   | Found a staircase to the Snake Pit.
 14571 | Lair:3   | Offered knowledge of Stone Arrow by Vehumet.
 14580 | Lair:3   | Learned a level 3 spell: Stone Arrow
 14994 | Lair:4   | Reached skill level 5 in Dodging
 14997 | Lair:4   | Reached skill level 5 in Fighting
 15002 | Lair:4   | Reached skill level 1 in Conjurations
 15028 | Lair:4   | Gained mutation: You have a tail ending in a sharp stinger.
                  | [demonic ancestry]
 15028 | Lair:4   | Reached XP level 13. HP: 91/91 MP: 11/27
 15087 | Lair:4   | Reached skill level 1 in Earth Magic
 15236 | Lair:4   | Reached **** piety under Vehumet
 15384 | Lair:4   | Offered knowledge of Kindle Blastsparks by Vehumet.
 15734 | Lair:4   | Identified the +10 rapier "Earthworm" {heavy, rPois rN+
                  | Will- Dex+3}
 16022 | Lair:4   | Reached ***** piety under Vehumet
 16141 | Lair:5   | Entered Level 5 of the Lair of Beasts
 16145 | Lair:5   | Offered knowledge of Lightning Bolt by Vehumet.
 16224 | Lair:5   | Noticed a dire elephant
 16260 | Lair:5   | Killed a dire elephant
 16383 | Lair:5   | Found a burning altar of Makhleb.
 16844 | Lair:5   | Gained mutation: You have large cloven feet. [demonic
                  | ancestry]
 16844 | Lair:5   | Reached XP level 14. HP: 103/105 MP: 17/28
 17250 | Lair:5   | Reached skill level 5 in Conjurations
 17393 | Lair:5   | Found a viscous altar of Jiyva.
 17393 | Lair:5   | Found a staircase to the Slime Pits.
 17604 | Lair:5   | Identified the +0 robe of the Dungeon {Str+3 Int+2 Stlth+}
 17939 | D:7      | Bought the ring of Idibaira {Wiz rElec Int+5} for 654 gold
                  | pieces
 18101 | D:9      | Killed Dittersdorf's ghost
 19111 | D:11     | HP: 1/108 [slime creature (18)]
 20015 | D:12     | Reached skill level 5 in Earth Magic
 20366 | D:13     | Noticed Nessos
 20366 | D:13     | Found a gate to the Vaults.
 20577 | D:12     | Offered knowledge of Irradiate by Vehumet.
 20610 | D:13     | Found a portal to a secret trove of treasure.
 20814 | D:13     | HP: 5/109 [Nessos/arrow (6)]
 20817 | D:13     | Killed Nessos
 20825 | D:13     | Reached skill level 1 in Shields
 21078 | D:13     | Found a transporter.
 21091 | D:13     | Noticed testman's ghost (journeyman DsVM)
 21297 | D:13     | Noticed voltaire321's ghost (journeyman KoBr)
 21312 | D:13     | Found a transporter.
 21474 | D:13     | Identified the +5 trident of Tuewnufo {heavy, +Blink Int-5
                  | SInv}
 21686 | D:14     | Reached skill level 10 in Fighting
 22389 | D:14     | Reached skill level 10 in Dodging
 22389 | D:14     | Reached XP level 15. HP: 115/115 MP: 15/29
 22416 | D:14     | Found a shadowy altar of Dithmenos.
 22420 | D:14     | Found Goegaes's Book Shop.
 22542 | D:8      | Bought the Octavo of Grounded Refrigeration for 242 gold
                  | pieces
 22548 | D:8      | Learned a level 5 spell: Borgnjor's Vile Clutch
 22668 | D:14     | Learned a level 5 spell: Lee's Rapid Deconstruction
 22935 | D:15     | Entered Level 15 of the Dungeon
 22981 | D:15     | Reached skill level 1 in Necromancy
 23044 | D:15     | Noticed Rupert
 23341 | D:15     | Noticed a fire giant
 23341 | D:15     | Found a staircase to the Depths.
 23440 | D:15     | Killed a fire giant
 23445 | D:15     | Identified Roxanne's Disquisition on the Mesa
 23445 | D:15     | Noticed Roxanne
 23508 | D:15     | Killed Roxanne
 23594 | D:15     | Found a runed translucent gate.
 23594 | D:15     | Found a runed translucent gate.
 23594 | D:15     | Found a runed translucent gate.
 23600 | D:15     | Noticed Hiweh's ghost (journeyman DgCj)
 23603 | D:15     | Noticed Strat's ghost (journeyman TeRe)
 23705 | D:15     | Killed Rupert
 23705 | D:15     | Offered knowledge of Ozocubu's Refrigeration by Vehumet.
 23824 | D:15     | Found Orghyotz's Distillery.
 23840 | D:15     | Reached skill level 5 in Necromancy
 24174 | D:15     | Killed Strat's ghost
 24174 | D:15     | Killed Hiweh's ghost
 24342 | Orc:1    | Entered Level 1 of the Orcish Mines
 24448 | Orc:1    | Found a transporter.
 24475 | Orc:1    | Found the +3 hat of Pondering {ponderous, Will+ MP+10
                  | Int+5}
 24477 | Orc:1    | Found a transporter.
 24479 | Orc:1    | Identified the +5 broad axe "Quiqid" {holy, Str+2 Int+2}
 24580 | Orc:2    | Entered Level 2 of the Orcish Mines
 24645 | Orc:2    | Killed Erolcha
 24751 | Orc:2    | Found a staircase to the Elven Halls.
 25000 | Orc:2    | Reached skill level 5 in Shields
 25000 | Orc:2    | Offered knowledge of Fireball by Vehumet.
 25173 | Orc:2    | Found a shimmering altar of Xom.
 25587 | Orc:2    | Found Moicanal's General Store.
 25588 | Orc:2    | Found Woyptata's Jewellery Shoppe.
 25590 | Orc:2    | Found Beupeby's Antique Armour Emporium.
 25590 | Orc:2    | Found Hasidero's Antique Weapon Emporium.
 25606 | Orc:2    | Bought the ring "Lelafur" {rPois rC+ Dex+4 SInv} for 466
                  | gold pieces
 25606 | Orc:2    | Bought the ring of the Genius {rF+ rN+ Will+ Str+2} for 474
                  | gold pieces
 25702 | Orc:1    | Noticed Sonja
 25705 | Orc:1    | Killed Sonja
 26494 | Snake:1  | Entered Level 1 of the Snake Pit
 26627 | Snake:1  | Gained mutation: You have a pair of large horns on your
                  | head. [demonic ancestry]
 26627 | Snake:1  | Reached XP level 16. HP: 122/122 MP: 20/30
 28341 | Snake:2  | Found Akosuras's General Store.
 28871 | Snake:3  | Reached skill level 10 in Earth Magic
 28879 | Snake:3  | Found Zucvadiush's Antique Weapon Shoppe.
 28879 | Snake:3  | Found Wuggoimi's Book Emporium.
 28923 | Snake:3  | Found Aranetaf's Distillery.
 28927 | Snake:3  | Found Loxiu's Magic Scroll Shoppe.
 28965 | Snake:3  | Reached skill level 10 in Conjurations
 29045 | Snake:3  | Reached ****** piety under Vehumet
 29127 | Snake:3  | Reached skill level 10 in Necromancy
 29138 | Snake:3  | Mangled by a salamander

Illustrated notes

Levels and vault maps discovered:
D:1:      eino_arrival_cavern_e, layout_basic,
          hellmonk_ecumenical_altar_dog_temple
D:2:      layout_rooms, serial_shops, nicolae_shop_behind_doors, basic_altar,
          minmay_increasing_density
D:3:      layout_rooms, minitemple, mainiacjoe_overflow_small_starburst,
          serial_shops, shop, uniq_crazy_yiuf_cottage, uniq_robin
D:4:      gammafunk_wand_slinger, layout_basic, old_standard_altar,
          ebering_dispersal_statue_hall
D:5:      layout_loops_corners, lemuel_blue_sif_altar, corexii_leaking_fountain,
          serial_bayou_lagoon_a
D:6:      layout_basic, uniq_maggie
D:7:      layout_basic, mainiacjoe_overflow_concentric_impassable,
          minmay_temple_entry_antechambers, serial_shops,
          nicolae_inconvenience_store, shop_statue, uniq_menkaure
D:8:      layout_cave_pools, nicolae_wu_jian_glorious_leap, serial_shops,
          nicolae_shop_behind_doors, uniq_grum
D:9:      layout_loops_ring, mainiacjoe_overflow_brackets, david_orc_2,
          gammafunk_ghost_spectres, serial_shops, nicolae_stop_n_shop_2
D:10:     layout_basic, dpeg_lair_monsters, uniq_amaemon, uniq_harold
D:11:     layout_long_grid
D:12:     layout_rooms
D:13:     layout_loops_cross, david_vaults_3, enter_trove_2, nzn_ghost_randoct,
          nicolae_figureground_sparkle, uniq_nessos
D:14:     layout_roguey, elyvilon_altar_1, serial_shops, nicolae_shop_stone,
          drop_trap, grunt_dithmenos_smoke_and_mirrors
D:15:     grunt_enter_depths_giant_problem, layout_gridville, serial_shops,
          nicolae_shop_trees, serial_park_square3 [serial_park_minivault_5x5_8],
          gammafunk_ghost_cemetery, uniq_rupert, uniq_roxanne
Temple:   nicolae_temple_figure_eight
Lair:1:   layout_roguey, uniq_gastronok
Lair:2:   layout_cave_pods, elwin_shoals_entry_rooms,
          infiniplex_staircase_pool_2
Lair:3:   layout_chaotic_city, nicolae_snake_entry_squirm, guppyfry_lair_drakes,
          uniq_fannar
Lair:4:   wad_woods_minihive, layout_hall_layers, beast_lair_carwin_1
Lair:5:   hangedman_lair_in_review, layout_small_grid, dpeg_slime_entry_corner,
          basic_altar, nicolae_lair_grazing_beasts [nicolae_sub_lair_graze_edge,
          nicolae_sub_lair_graze_edge, nicolae_sub_lair_graze_edge,
          nicolae_sub_lair_graze_edge]
Snake:1:  layout_layer_cave, grunt_megastairs_3, lemuel_fruit_tree
Snake:2:  layout_onion_interference, serial_shops, shop,
          nicolae_elevator_lobby_plus
Snake:3:  layout_cave_town, serial_bayou_shore_a, minmay_shoptagon
Orc:1:    gammafunk_beogh_shrine, layout_diamond_mine, basic_altar, uniq_erica,
          uniq_sonja
Orc:2:    st_orc_congregation, layout_diamond_mine, basic_altar, uniq_erolcha

Skill      XL: |  1  2  3  4  5  6  7  8  9 10 11 12 13 14 15 16 |
---------------+-------------------------------------------------+-----
Hexes          | 1 2 3 4 6 8 10 | 10.0
Spellcasting   | 3 4 5 6 7 9 10 | 10.0
Summonings     | 5 6 7 9 10 | 10.0
Air Magic      | 1 3 4 5 |  5.1
Translocations | 7 10 | 10.0
Fighting       | 5 8 10 | 10.0
Dodging        | 5 7 10 | 10.0
Conjurations   | 1 4 6 8 10 | 10.0
Earth Magic    | 4 6 8 10 | 10.5
Shields        | 2 5 |  5.0
Necromancy     | 8 10 | 10.0
Stealth        | |  1.7

Action                   |  1- 3 |  4- 6 |  7- 9 | 10-12 | 13-15 | 16-18 || total
-------------------------+-------+-------+-------+-------+-------+-------++-------
Melee: Unarmed           |    24 |     7 |       |       |       |       ||    31
       Headbutt          |     6 |     5 |     6 |     5 |    40 |     3 ||    65
       Punch             |     2 |       |       |       |     2 |       ||     4
       Quarterstaff      |       |    23 |    41 |     6 |       |       ||    70
       Tailslap          |       |       |     4 |     1 |    24 |     3 ||    32
       Demon whip        |       |       |       |    14 |       |       ||    14
       Staff             |       |       |       |     2 |    99 |    11 ||   112
Throw: Throwing net      |       |     2 |       |       |       |       ||     2
 Cast: Summon Small Mamm |    45 |    17 |     2 |       |       |       ||    64
       Call Canine Famil |    11 |    32 |    18 |    29 |    17 |     6 ||   113
       Summon Guardian G |       |    10 |    16 |    29 |     1 |       ||    56
       Summon Lightning  |       |       |    18 |    28 |    89 |     7 ||   142
       Summon Mana Viper |       |       |       |    41 |   111 |    10 ||   162
       Summon Forest     |       |       |       |    15 |    83 |     8 ||   106
       Stone Arrow       |       |       |       |       |   191 |    92 ||   283
       Borgnjor's Vile C |       |       |       |       |    22 |    45 ||    67
       Lee's Rapid Decon |       |       |       |       |     8 |       ||     8
  Use: Scroll            |     1 |     7 |    10 |     7 |    11 |       ||    36
       Potion            |       |     1 |     3 |       |    10 |     1 ||    15
 Stab: Sleeping          |       |     1 |       |       |       |       ||     1
       Distracted        |       |       |     1 |       |     3 |     1 ||     5
Armor: Robe              |    23 |    14 |    21 |    21 |    52 |       ||   131
       Troll leather arm |       |       |       |       |    50 |    10 ||    60
Dodge: Dodged            |    56 |    25 |    57 |    35 |   220 |    47 ||   440
Block: Buckler           |       |       |       |       |    39 |    14 ||    53

Table legend: (Time is in decaauts)
 A = Elapsed time spent in this place.
 B = Non-inter-level travel time spent in this place.
 C = Inter-level travel time spent in this place.
 D = Time resting spent in this place.
 E = Time spent auto-exploring this place.
 F = Levels seen in this place.
 G = Mean time per level.
                   A        B        C        D        E       F      G
               +--------+--------+--------+--------+--------+-----+--------+
         Total |  29304 |  26567 |   2737 |    147 |  20883 |  26 | 1127.1 |
       Dungeon |  18324 |  16243 |   2081 |    139 |  12727 |  15 | 1221.6 |
        Temple |    222 |    210 |     12 |      0 |    207 |   1 |  222.0 |
          Lair |   6064 |   5690 |    374 |      0 |   4552 |   5 | 1212.8 |
     Snake Pit |   2652 |   2596 |     56 |      8 |   2130 |   3 |  884.0 |
  Orcish Mines |   2040 |   1830 |    210 |      0 |   1266 |   2 | 1020.0 |
               +--------+--------+--------+--------+--------+-----+--------+

Top non-repeatable levels by time:
  Lair:5: 1631 daAuts
 Snake:1: 1435 daAuts
     D:6: 1434 daAuts
     D:1: 1406 daAuts
  Lair:2: 1401 daAuts
    D:10: 1392 daAuts
     D:3: 1376 daAuts
     D:7: 1369 daAuts
     D:4: 1325 daAuts
    D:15: 1280 daAuts
     D:9: 1208 daAuts
   Orc:2: 1204 daAuts
  Lair:4: 1165 daAuts
     D:5: 1156 daAuts
     D:8: 1127 daAuts
